 Dungeon Crawl Stone Soup version 0.32-a0-791-gfc315c9ecd (webtiles) character file.

Game seed: 4298477638571781986

2229 Mumbonium the Cleaver (level 9, -1/75 (78) HPs)
             Began as a Minotaur Fighter on Mar 20, 2024.
             Was a Priest of Nemelex Xobeh.
             Slain by an ogre
             ... wielding a +0 giant club
              (16 damage)
             ... on level 7 of the Dungeon.
             The game lasted 00:55:17 (7669 turns).

Mumbonium the Cleaver (Minotaur Fighter)            Turns: 7669, Time: 00:55:20

HP:   -1/75 (78)    AC: 18    Str: 30    XL:     9   Next: 14%
MP:   8/8           EV: 15    Int:  5    God:    Nemelex Xobeh [***...]
Gold: 219           SH:  0    Dex: 17    Spells: 8/8 levels left

rFire   x . .        H - +2 halberd (elec)
rCold   + . .        (shield currently unavailable)
rNeg    . . .        u - +7 chain mail of Inaction {rF- rC+ Dex+6 Stlth+}
rPois   .            (helmet restricted)
rElec   .            (no cloak)
rCorr   .            (no gloves)
SInv    .            a - +0 pair of boots
Will    .....        q - amulet of faith Stlth
                     m - +5 ring of evasion
HPRegen 0.32/turn    r - +6 ring of strength
MPRegen 0.11/turn

%: random rage (3%), faith
@: elixired, lightly drained
A: horns 2, retaliatory headbutt, berserk 1
a: Renounce Religion, Draw Escape, Draw Destruction, Draw Summoning, Triple Draw


You were on level 7 of the Dungeon.
You worshipped Nemelex Xobeh.
Nemelex Xobeh was most pleased with you.
You visited 2 branches of the dungeon, and saw 8 of its levels.
You also visited: Bailey.

You collected 651 gold pieces.
You spent 432 gold pieces at shops.

Inventory:

Hand Weapons
 H - a +2 halberd of electrocution (weapon)
Missiles
 z - a throwing net (quivered)
Armour
 a - a +0 pair of boots (worn)
 b - a +0 scale mail
 c - a +0 buckler
 p - the +1 ring mail "Voanol" {^Contam Int+3 Dex+5}
   (You found it on level 3 of the Dungeon)

   Int+3:     It affects your intelligence (+3).
   Dex+5:     It affects your dexterity (+5).
   ^Contam:   It causes magical contamination when unequipped.
 u - the +7 chain mail of Inaction (worn) {rF- rC+ Dex+6 Stlth+}
   (You found it on level 4 of the Dungeon)

   Dex+6:     It affects your dexterity (+6).
   rF-:       It makes you vulnerable to fire.
   rC+:       It protects you from cold.
   Stlth+:    It makes you more stealthy.
Jewellery
 m - a +5 ring of evasion (left hand)
 q - an amulet of faith (around neck)
 r - a +6 ring of strength (right hand)
 t - the ring "Taysif" {Ice Str+5}
   (You found it on level 4 of the Dungeon)

   [ring of ice]

   Ice:       It enhances your ice magic.
   Str+5:     It affects your strength (+5).
   rF-:       It makes you vulnerable to fire.
   rC+:       It protects you from cold.
Wands
 v - a wand of mindburst (16)
 y - a wand of polymorph (9)
Scrolls
 f - 3 scrolls of enchant armour {unknown}
 g - 2 scrolls of teleportation {unknown}
 h - 2 scrolls of fear {unknown}
 j - 2 scrolls of blinking
 n - 2 scrolls of immolation {unknown}
 o - a scroll of amnesia {unknown}
 s - a scroll of vulnerability {unknown}
 A - a scroll of enchant weapon {unknown}
Potions
 d - 8 potions of might
 e - 2 potions of haste {unknown}
 i - a potion of attraction {unknown}
 k - 2 potions of lignification
 l - 7 potions of curing
 w - 5 potions of heal wounds
 x - a potion of enlightenment {unknown}
 C - 3 potions of mutation {unknown}
 D - a potion of invisibility {unknown}
 E - 2 potions of resistance {unknown}
 F - a potion of cancellation {unknown}
 G - a potion of brilliance {unknown}


   Skills:
 + Level 6.8 Fighting
 + Level 10.0(10.1) Axes
 + Level 2.0(6.6) Polearms
 + Level 6.8 Armour
 + Level 3.1 Dodging
 + Level 1.4 Stealth
 + Level 5.7 Shields
 + Level 1.4 Evocations


You had 8 spell levels left.
You didn't know any spells.
Your spell library contained the following spells:

 Spells                   Type           Power      Damage    Failure   Level
 Dazzling Flash           Conj/Hex       0%         N/A       99%         3
 Starburst                Conj/Fire      0%         6d3       100%        6
 Maxwell's Capacitive Co  Air            0%         ∞         100%        8


Dungeon Overview and Level Annotations

Branches:
Dungeon (7/15)             Temple (1/1) D:4          Bailey (visited)

Altars:
Ashenzari
Cheibriados
Dithmenos
Fedhas
Gozag
Kikubaaqudgha
Makhleb
Nemelex Xobeh
Qazlal
Ru
Sif Muna
Trog
Uskayaw
Vehumet
Wu Jian
Xom
Yredelemnul
Zin
The Shining One

Shops:
D:4 =

Annotations:
D:7 1 transporter, hgbash's ghost, novice GrEE


Innate Abilities, Weirdness & Mutations

You have a pair of horns on your head.
You reflexively headbutt those who attack you in melee.
You sometimes lose your temper in combat.


Message History

You hit hgbash's ghost but do no damage.
You headbutt hgbash's ghost!
Hgbash's ghost is almost destroyed.
The moth of wrath goads the ogre on!
The ogre goes berserk!
The moth of wrath goads the orc warrior on!
The orc warrior goes berserk!
The orc warrior barely misses you. You furiously retaliate!
You headbutt the orc warrior, but do no damage.
Hgbash's ghost barely misses you. The ogre closely misses you.
The orc warrior closely misses you.
The moth of wrath goads the ogre on!
The ogre goes berserk!
You hit hgbash's ghost.
Hgbash's ghost is almost destroyed.
The ogre barely misses you. You furiously retaliate!
You headbutt the ogre!
The orc warrior hits you with a +4 great sword of flaming.
The orc warrior burns you.
The ogre hits you with a +0 giant club!!
Hgbash's ghost hits you but does no damage.
You feel drained.
You draw a card...
You have drawn the Elixir.
You begin rapidly regenerating health and magic.
The orc warrior hits you with a +4 great sword of flaming.
The orc warrior burns you. The ogre hits you with a +0 giant club!
* * * LOW HITPOINT WARNING * * *
The ogre misses you.
Hgbash's ghost gestures at you while chanting.
The stone arrow hits you!
* * * LOW HITPOINT WARNING * * *
The moth of wrath bites you.
* * * LOW HITPOINT WARNING * * *
The orc warrior misses you. You furiously retaliate!
You headbutt the orc warrior.
You draw a card...
You have drawn the Elixir.
You begin rapidly regenerating health and magic.
The ogre completely misses you. The moth of wrath closely misses you.
You furiously retaliate!
You headbutt the moth of wrath! The orc warrior misses you.
You furiously retaliate!
You headbutt the orc warrior! The ogre hits you with a +0 giant club!
You die...
Your body disappears without a glow.

####
#..............###..#
#................##.#
#........#####....#.#
#......###...###..#.#
####..##....## ##...#
##..##..#y# ###...##
#..##.###.#≈#.##...#
#..#WO#≈..$#.y.#...#
#.©#@y.#._$....#©..#
#..#oO....[#...#..##
#..##....#§#..##.##
##..#....####.#..#
#..##...#..###..#
##..###.©.###..##
#....#####....#
##...........##
###.......###


You could see a moth of wrath, an orc warrior (berserk), 2 ogres and hgbash's
ghost.

Vanquished Creatures
  A steam dragon (D:7)
  A water moccasin (D:6)
  Duvessa (D:5)
  An orc warrior (Bailey)
  2 ice beasts
  A black bear (D:5)
  An ogre (D:5)
  A centaur (D:7)
  4 bullfrogs
  A scorpion (D:6)
  Dowan (D:5)
  5 killer bees (D:7)
  A howler monkey (D:6)
  3 bombardier beetles
  2 hounds (D:6)
  3 jellies
  4 iguanas
  A sleepcap (D:7)
  An orc wizard (D:4)
  8 gnolls (Bailey)
  9 adders
  2 white imps
  2 ufetubi (D:7)
  A ribbon worm (D:2)
  3 dart slugs
  31 orcs
  7 endoplasms
  2 giant cockroaches
  8 goblins
  8 hobgoblins
  4 jackals (D:1)
  10 kobolds
  A quokka (D:1)
  5 ball pythons
  7 bats
  3 frilled lizards
  5 rats
151 creatures vanquished.

Notes
Turn   | Place    | Note
-------+----------+-------------------------------------------
     0 | D:1      | Mumbonium the Minotaur Fighter began the quest for the Orb.
     0 | D:1      | Reached XP level 1. HP: 19/19 MP: 0/0
   133 | D:1      | Reached XP level 2. HP: 27/27 MP: 1/1
   418 | D:1      | Found a faded altar of an unknown god.
   439 | D:1      | Prayed at the altar of an unknown god.
   439 | D:1      | Became a worshipper of Gozag Ym Sagoz the Greedy
   562 | D:1      | Reached XP level 3. HP: 33/33 MP: 2/2
  2636 | D:3      | Identified the +1 ring mail "Voanol" {^Contam Int+3 Dex+5}
  3100 | D:3      | Reached skill level 3 in Axes
  3463 | D:4      | Reached XP level 4. HP: 41/41 MP: 3/3
  3486 | D:4      | Found Secw's Jewellery Boutique.
  3596 | D:4      | Found a staircase to the Ecumenical Temple.
  3625 | Temple   | Entered the Ecumenical Temple
  3934 | Temple   | Fell from the grace of Gozag
  3934 | Temple   | Became a worshipper of Nemelex Xobeh the Trickster
  4208 | D:4      | Found a basalt altar of Yredelemnul.
  4219 | D:4      | Identified the ring "Taysif" {Ice Str+5}
  4243 | D:4      | Reached skill level 4 in Axes
  4243 | D:4      | Reached XP level 5. HP: 37/47 MP: 4/4
  4260 | D:4      | Bought a +6 ring of strength for 432 gold pieces
  4365 | D:4      | Identified the +7 chain mail of Inaction {rF- rC+ Dex+6
                  | Stlth+}
  4388 | D:4      | Gained mutation: You sometimes lose your temper in combat.
                  | [mutagenic glow]
  4625 | D:5      | Entered Level 5 of the Dungeon
  4691 | D:5      | Was forgiven by Gozag
  4691 | D:5      | Reached skill level 5 in Armour
  4691 | D:5      | Reached skill level 1 in Dodging
  4693 | D:5      | Reached * piety under Nemelex Xobeh
  4694 | D:5      | Noticed an ogre
  4700 | D:5      | Killed an ogre
  4701 | D:5      | Reached skill level 5 in Axes
  4701 | D:5      | Reached XP level 6. HP: 37/53 MP: 5/5
  4775 | D:5      | Received a gift from Nemelex Xobeh
  4781 | D:5      | Reached skill level 1 in Stealth
  4785 | D:5      | Reached skill level 5 in Fighting
  4785 | D:5      | Reached skill level 6 in Axes
  4906 | D:5      | Found a shimmering blue altar of Sif Muna.
  4962 | D:5      | Noticed Dowan
  4974 | D:5      | Killed Dowan
  4975 | D:5      | Reached XP level 7. HP: 55/61 MP: 6/6
  5021 | D:5      | Noticed Duvessa
  5036 | D:5      | Killed Duvessa
  5037 | D:5      | Reached skill level 5 in Shields
  5182 | D:5      | Reached ** piety under Nemelex Xobeh
  5492 | D:6      | Reached skill level 7 in Axes
  5761 | D:6      | Reached XP level 8. HP: 69/69 MP: 7/7
  5807 | D:6      | Reached skill level 8 in Axes
  5946 | D:6      | Found a bloodstained altar of Trog.
  6480 | D:7      | Reached *** piety under Nemelex Xobeh
  6483 | D:7      | Reached skill level 9 in Axes
  6499 | D:7      | Received a gift from Nemelex Xobeh
  6546 | D:7      | Found a flagged portal.
  6555 | Bailey   | Entered a bailey
  6843 | Bailey   | Reached skill level 1 in Evocations
  7058 | D:7      | Found an ornate altar of the Wu Jian Council.
  7060 | D:7      | Found a sacrificial altar of Ru.
  7063 | D:7      | Found a radiant altar of Vehumet.
  7192 | D:7      | Reached skill level 1 in Polearms
  7192 | D:7      | Reached XP level 9. HP: 66/78 MP: 8/8
  7270 | D:7      | Found a bloodstained altar of Trog.
  7271 | D:7      | Noticed a moth of wrath
  7271 | D:7      | Noticed hgbash's ghost (novice GrEE)
  7279 | D:7      | Found a transporter.
  7293 | D:7      | Found a transporter.
  7384 | D:7      | Reached skill level 10 in Axes
  7669 | D:7      | Slain by an ogre

Illustrated notes

Levels and vault maps discovered:
D:1:      heliophobic_arrival_enchanted_forest, layout_loops_ring,
          hellmonk_ecumenical_altar_dog_temple
D:2:      layout_basic
D:3:      layout_basic
D:4:      minmay_wonky_spiral, layout_gridville,
          mainiacjoe_overflow_six_doors_small, minmay_temple_entry_ruins,
          minmay_shop_enchanted_jewellery
D:5:      layout_gridville, kennysheep_mini, uniq_duvessa
D:6:      layout_gridville, trog_hazing_becter
D:7:      layout_rooms, chequers_temple_overflow_statue_of_worship,
          enter_bailey_8, gammafunk_ghost_wrathful_warriors
Temple:   nicolae_temple_slightly_damp_pantheon

Skill      XL: |  1  2  3  4  5  6  7  8  9 |
---------------+----------------------------+-----
Armour         | 4 5 6 |  6.8
Fighting       | 4 5 6 |  6.8
Shields        | 4 5 |  5.7
Axes           | 3 4 5 6 7 9 10 | 10.0
Dodging        | 1 2 3 |  3.1
Stealth        | 1 |  1.4
Evocations     | 1 |  1.4
Polearms       | 1 2 |  2.0

Action                     |  1- 3 |  4- 6 |  7- 9 || total
---------------------------+-------+-------+-------++-------
  Melee: War axe           |   100 |    63 |   119 ||   282
         Headbutt          |    18 |    11 |    28 ||    57
         Halberd           |       |       |    30 ||    30
 Invoke: Draw Destruction  |       |       |     6 ||     6
         Draw Escape       |       |       |     2 ||     2
  Evoke: Wand              |       |       |    16 ||    16
    Use: Potion            |       |     1 |     1 ||     2
         Scroll            |       |       |     4 ||     4
 Armour: Scale mail        |    71 |       |       ||    71
         Ring mail         |     4 |     9 |       ||    13
         Chain mail        |       |    30 |   101 ||   131
  Dodge: Dodged            |    49 |    45 |   160 ||   254
  Block: Buckler           |    22 |    16 |    41 ||    79

Table legend: (Time is in decaauts)
 A = Elapsed time spent in this place.
 B = Non-inter-level travel time spent in this place.
 C = Inter-level travel time spent in this place.
 D = Time resting spent in this place.
 E = Time spent auto-exploring this place.
 F = Levels seen in this place.
 G = Mean time per level.
                   A        B        C        D        E       F      G
               +--------+--------+--------+--------+--------+-----+--------+
         Total |   7802 |   4676 |   3126 |      0 |   3396 |   9 |  866.9 |
       Dungeon |   6967 |   4182 |   2785 |      0 |   3274 |   7 |  995.3 |
        Temple |    352 |     11 |    341 |      0 |      0 |   1 |  352.0 |
        Bailey |    482 |    482 |      0 |      0 |    122 |   1 |  482.0 |
               +--------+--------+--------+--------+--------+-----+--------+

Top non-repeatable levels by time:
     D:2: 1280 daAuts
     D:3: 1200 daAuts
     D:1: 1016 daAuts
     D:6: 1000 daAuts
     D:5: 885 daAuts
     D:4: 830 daAuts
     D:7: 755 daAuts
  Bailey: 482 daAuts
  Temple: 352 daAuts
